 Dungeon Crawl Stone Soup version 0.21.1-1-g345015f (webtiles) character file.

3910 esoterik the Cleaver (level 10, -29/91 HPs)
             Began as a Hill Orc Fighter on Feb 16, 2018.
             Was a Believer of Makhleb.
             Annihilated by Wesley's ghost (31 damage)
             ... on level 8 of the Dungeon.
             The game lasted 00:32:44 (7383 turns).

esoterik the Cleaver (Hill Orc Fighter)             Turns: 7383, Time: 00:32:44

Health: -29/91     AC: 16    Str: 22    XL:     10   Next: 20%
Magic:  10/10      EV: 10    Int:  8    God:    Makhleb [**....]
Gold:   277        SH:  0    Dex: 16    Spells: 9/9 levels left

rFire    . . .     SeeInvis +   G - +1 battleaxe (chop)
rCold    + . .     Gourm    .   (shield currently unavailable)
rNeg     . . .     Faith    .   l - +2 scale mail {rC+}
rPois    .         Spirit   .   (no helmet)
rElec    .         Reflect  .   y - +2 cloak
rCorr    .         Harm     .   (no gloves)
MR       .....                  h - +1 pair of boots
Stlth    ..........             (no amulet)
HPRegen  0.25/turn              u - +5 ring of dexterity
MPRegen  0.12/turn              m - ring of see invisible

@: no status effects
A: no striking features
a: Minor Destruction, Renounce Religion


You were on level 8 of the Dungeon.
You worshipped Makhleb.
Makhleb was pleased with you.
You were not hungry.

You visited 2 branches of the dungeon, and saw 9 of its levels.
You also visited: Ossuary.

You collected 514 gold pieces.
You spent 237 gold pieces at shops.

Inventory:

Hand Weapons
 a - a +1 war axe
 G - a +1 battleaxe of chopping (weapon)
Missiles
 k - 208 stones (quivered)
 z - a throwing net
Armour
 g - a +0 plate armour
 h - a +1 pair of boots (worn)
 l - a +2 scale mail of cold resistance (worn)
 o - a +1 ring mail of poison resistance
 y - a +2 cloak (worn)
Jewellery
 e - an uncursed ring of fire
 m - a ring of see invisible (right hand)
 u - a +5 ring of dexterity (left hand)
 B - an uncursed ring of flight
Wands
 q - a wand of paralysis (13)
 E - a wand of clouds (8)
Scrolls
 b - 2 scrolls of random uselessness {unknown}
 c - a scroll of identify
 j - 3 scrolls of amnesia {unknown}
 p - 2 scrolls of teleportation
 r - 5 scrolls of remove curse
 s - a scroll of noise {unknown}
 t - 2 scrolls of magic mapping
 v - 2 scrolls of immolation {unknown}
 w - a scroll of blinking
 C - a scroll of fear
 D - a scroll of torment {unknown}
 M - a scroll of fog {unknown}
Potions
 d - 2 potions of might
 i - 3 potions of resistance
 n - 5 potions of curing
 x - 2 potions of berserk rage
 A - a potion of brilliance
 F - a potion of ambrosia
 H - 2 potions of lignification {unknown}
 I - a potion of heal wounds
 K - 2 potions of cancellation
 L - a potion of invisibility {unknown}
 N - a potion of mutation {unknown}
Comestibles
 f - 13 rations
 J - 5 chunks of flesh


   Skills:
 - Level 9.3 Fighting
 + Level 12.9 Axes
 + Level 8.5 Armour
 - Level 0.1 Dodging
   Level 4.0 Shields


You had 9 spell levels left.
You didn't know any spells.

Dungeon Overview and Level Annotations

Branches:
Dungeon (8/15)             Temple (1/1) D:6            Lair (0/6) D:8

Altars:
Ashenzari
Cheibriados
Dithmenos
Elyvilon
Fedhas
Gozag
Hepliaklqana
Kikubaaqudgha
Makhleb
Nemelex Xobeh
Qazlal
Ru
Sif Muna
Trog
Uskayaw
Vehumet
Wu Jian
Xom
Yredelemnul
Zin
The Shining One

Shops:
D:4 *=*   D:6 (   D:7 *

Annotations:
D:8 Wesley's ghost, journeyman OgHu


Message History

You found a shaft!
There is a shaft here.
Found a stone staircase leading down.
Wesley's ghost (journeyman Ogre Hunter) comes into view.
It is wielding a vorpal weapon.
Wesley's ghost turns its malevolent gaze towards you.
Found a stone staircase leading down.
You hit Wesley's ghost but do no damage.
Wesley's ghost hits you!
You barely miss Wesley's ghost.
Wesley's ghost hits you but does no damage.
Wesley's ghost hits you!!
You slash Wesley's ghost!
Wesley's ghost is lightly damaged.
Wesley's ghost hits you!
You barely miss Wesley's ghost.
Wesley's ghost is lightly damaged.
Wesley's ghost hits you!!
* * * LOW HITPOINT WARNING * * *
x2 Wesley's ghost hits you!!
You die...

#.########
########.#
.........#
#........# #
#.####.#.# #. #.#
#.#.# ### .. #.#
#.#.######.. #.##W#
#.#......... #>.@.#
#.########..
#.##.###.#.#######..
.. #.#.>###.........
#. #.#.#.#.########.
# #....#.## #.
####...# #^ ##### #.
##


You could see Wesley's ghost.

Vanquished Creatures
  The ghost of lux767 the Thaumaturge, a novice DENe of Kikubaaqudgha (D:5)
  A human (D:5)
  A hungry ghost (D:8)
  3 ice beasts
  2 sky beasts
  3 orc warriors
  3 phantoms
  2 ogres
  3 centaurs
  5 bullfrogs
  A gnoll sergeant (D:5)
  A scorpion (D:5)
  3 howler monkeys
  3 crimson imps
  A bullfrog zombie (D:6)
  A centaur zombie (D:5)
  5 hounds
  A jelly (D:6)
  A centaur skeleton (D:7)
  4 orc priests
  Crazy Yiuf (D:3)
  7 orc wizards
  Terence (D:2)
  3 iguanas
  6 worker ants
  2 hound skeletons
  9 mummies
  2 worker ant zombies (D:7)
  A howler monkey skeleton (D:5)
  9 adders
  9 gnolls
  A shadow imp (D:5)
  3 oozes
  3 worms
  A dart slug (D:5)
  4 leopard geckos
  27 orcs
  4 bats
  7 giant cockroaches
  2 goblins
  3 hobgoblins
  15 jackals
  9 kobolds
  5 quokkas
  2 frilled lizards (D:2)
  3 gnoll zombies (Ossuary)
  2 hobgoblin zombies (Ossuary)
  6 kobold zombies
  A leopard gecko skeleton (D:8)
  A leopard gecko zombie (D:6)
  An orc zombie (D:7)
  2 quokka skeletons
  3 rats
200 creatures vanquished.

Notes
Turn   | Place    | Note
-------+----------+-------------------------------------------
     0 | D:1      | esoterik the Hill Orc Fighter began the quest for the Orb.
     0 | D:1      | Reached XP level 1. HP: 19/19 MP: 1/1
   418 | D:2      | Reached skill level 3 in Axes
   423 | D:2      | Noticed Terence
   432 | D:2      | Killed Terence
   432 | D:2      | Reached XP level 2. HP: 15/27 MP: 2/2
   432 | D:2      | Reached XP level 3. HP: 19/33 MP: 3/3
   771 | D:2      | Reached XP level 4. HP: 40/40 MP: 4/4
   954 | D:2      | Reached skill level 4 in Axes
  1300 | D:2      | Reached XP level 5. HP: 40/47 MP: 5/5
  1306 | D:2      | Reached skill level 5 in Fighting
  1543 | D:3      | Reached skill level 5 in Axes
  1608 | D:3      | Reached XP level 6. HP: 35/56 MP: 6/6
  1834 | D:3      | Found a runed door.
  2145 | D:3      | Reached skill level 6 in Axes
  2319 | D:3      | Noticed Crazy Yiuf
  2329 | D:3      | Killed Crazy Yiuf
  2483 | D:4      | Found Zavuigeh's General Store.
  2564 | D:4      | Found Ipsofik's General Store.
  2615 | D:4      | Found Plog's Jewellery Shop.
  2658 | D:4      | Reached XP level 7. HP: 59/64 MP: 7/7
  2705 | D:4      | Reached skill level 7 in Axes
  2965 | D:4      | Reached skill level 8 in Axes
  3230 | D:4      | Reached XP level 8. HP: 73/74 MP: 8/8
  3323 | D:5      | Entered Level 5 of the Dungeon
  3599 | D:5      | Reached skill level 9 in Axes
  3939 | D:5      | Noticed lux767's ghost (novice DENe)
  3946 | D:5      | Killed lux767's ghost
  3973 | D:5      | Found a runed door.
  3974 | D:5      | Found a basalt altar of Yredelemnul.
  4048 | D:5      | Reached skill level 10 in Axes
  4074 | D:5      | Reached XP level 9. HP: 83/83 MP: 9/9
  4341 | D:5      | Reached skill level 5 in Armour
  4734 | D:6      | Found Zasogec's Antique Weapon Emporium.
  4831 | D:6      | Reached skill level 11 in Axes
  4837 | D:6      | Found a staircase to the Ecumenical Temple.
  4887 | Temple   | Entered the Ecumenical Temple
  4956 | Temple   | Became a worshipper of Makhleb the Destroyer
  5696 | D:7      | Reached * piety under Makhleb
  5696 | D:7      | Reached skill level 12 in Axes
  5986 | D:7      | Found a sand-covered staircase.
  5995 | Ossuary  | Entered an ossuary
  6040 | Ossuary  | Reached ** piety under Makhleb
  6040 | Ossuary  | Reached XP level 10. HP: 91/91 MP: 10/10
  6741 | D:6      | Bought a glowing battleaxe for 237 gold pieces
  7055 | D:7      | Found Zin's Purification Station.
  7057 | D:7      | Found a glowing silver altar of Zin.
  7251 | D:8      | Found a staircase to the Lair.
  7375 | D:8      | Noticed Wesley's ghost (journeyman OgHu)
  7382 | D:8      | HP: 2/91 [Wesley's ghost (8)]
  7383 | D:8      | Annihilated by Wesley's ghost

Skill      XL: |  1  2  3  4  5  6  7  8  9 10 |
---------------+-------------------------------+-----
Axes           | 3 4 5 6 8 10 12 | 12.9
Fighting       | 4 5 6 8 9 |  9.3
Shields        | 4 |  4.0
Armour         | 4 7 8 |  8.5
Dodging        | |  0.1

Action                   |  1- 3 |  4- 6 |  7- 9 | 10-12 || total
-------------------------+-------+-------+-------+-------++-------
Melee: War axe           |    66 |   197 |   358 |    55 ||   676
       Battleaxe         |       |       |       |    28 ||    28
Throw: Stone             |     2 |       |     3 |       ||     5
  Use: Scroll            |     3 |     4 |     9 |     3 ||    19
       Potion            |       |     1 |     1 |       ||     2
  Eat: Chunk             |       |     6 |     6 |     4 ||    16
       Ration            |       |       |     2 |     1 ||     3
Armor: Scale mail        |    55 |   117 |   170 |    32 ||   374
Dodge: Dodged            |    38 |    97 |    58 |    30 ||   223
Block: Shield            |    37 |   121 |   150 |    25 ||   333
